 Dungeon Crawl Stone Soup version 0.30.1 (webtiles) character file.

Game seed: 5181449918198040711

4557 Graphine the Skirmisher (level 10, -1/64 HPs)
             Began as a Kobold Hunter on July 9, 2023.
             Was a Priest of Uskayaw.
             Slain by an ogre
             ... wielding a +0 halberd
              (26 damage)
             ... in a bailey.
             The game lasted 00:14:59 (7787 turns).

Graphine the Skirmisher (Kobold Hunter)             Turns: 7787, Time: 00:15:00

Health: -1/64      AC:  8    Str:  9    XL:     10   Next: 67%
Magic:  14/14      EV: 21    Int: 11    God:    Uskayaw [***...]
Gold:   781        SH:  0    Dex: 22    Spells: 9/9 levels left

rFire   . . .        a - +0 shortbow (drain)
rCold   . . .        (shield currently unavailable)
rNeg    + . .        B - +0 steam dragon scales
rPois   +            v - +0 helmet
rElec   +            e - scarf {harm}
rCorr   .            (no gloves)
SInv    +            l - +1 pair of boots
Will    .....        (no amulet)
Stlth   +++          g - ring of poison resistance
HPRegen 0.30/turn    p - ring of Xom's Full Attention {rElec rN+ SInv}
MPRegen 0.14/turn

%: harm (+30% outgoing, +20% incoming)
@: no status effects
A: small, no large weapons, nightstalker 3
a: Renounce Religion, Stomp, Line Pass


You were in a bailey.
You worshipped Uskayaw.
Uskayaw was noncommittal.
You visited 1 branch of the dungeon, and saw 9 of its levels.
You also visited: Bailey.

You collected 1201 gold pieces.
You spent 420 gold pieces at shops.

Inventory:

Hand Weapons
 a - a +0 shortbow of draining (weapon)
 h - the +10 falchion of Dismay {freeze, Str+3 Int-4 Dex+3}
   (You found it on level 2 of the Dungeon)

   Str:       It affects your strength (+3).
   Int:       It affects your intelligence (-4).
   Dex:       It affects your dexterity (+3).
 m - the +5 rapier "Xoiq Xurin" {freeze, Dex+2 SInv}
   (You found it on level 4 of the Dungeon)

   Dex:       It affects your dexterity (+2).
   SInv:      It lets you see invisible.
Armour
 e - a scarf of harm (worn)
 l - a +1 pair of boots (worn)
 r - a +0 robe of the Archmagi
 v - a +0 helmet (worn)
 B - +0 steam dragon scales (worn)
 K - a scarf of repulsion
Jewellery
 g - a ring of poison resistance (left hand)
 n - a ring of fire
 p - the ring of Xom's Full Attention (right hand) {rElec rN+ SInv}
   (You bought it in a shop on level 5 of the Dungeon)

   [ring of positive energy]

   rElec:     It insulates you from electricity.
   rN:        It protects you from negative energy.
   SInv:      It lets you see invisible.
 z - a ring of flight
 L - a ring of fire
Wands
 o - a wand of polymorph (11)
 y - a wand of flame (16)
 A - a wand of mindburst (2)
 D - a wand of paralysis (10)
 J - a wand of roots (5)
Scrolls
 b - 2 scrolls of immolation
 i - a scroll of fear
 q - 3 scrolls of poison
 s - 2 scrolls of teleportation
 t - a scroll of blinking {unknown}
 u - a scroll of amnesia {unknown}
 F - 2 scrolls of magic mapping {unknown}
 H - a scroll of vulnerability {unknown}
 I - a scroll of identify
Potions
 c - a potion of lignification
 d - 2 potions of heal wounds
 f - 2 potions of haste
 j - 7 potions of curing
 k - 3 potions of might
 w - a potion of invisibility
 x - a potion of mutation {unknown}
 C - 2 potions of brilliance {unknown}
 E - 2 potions of flight {unknown}
 G - a potion of berserk rage {unknown}


   Skills:
 + Level 8.0 Fighting
 * Level 13.8 Ranged Weapons
 + Level 8.7 Dodging
 - Level 1.3 Stealth
 * Level 5.4 Invocations


You had 9 spell levels left.
You didn't know any spells.
Your spell library contained the following spells:

 Spells                   Type           Power      Damage    Failure   Level
 Frozen Ramparts          Ice            0%         1d1       71%         3
 Ozocubu's Armour         Ice            0%         N/A       71%         3
 Volatile Blastmotes      Fire/Tloc      0%         2d10      71%         3
 Animate Dead             Necr           0%         N/A       98%         4
 Fulminant Prism          Conj/Hex       0%         3d5       98%         4
 Ice Form                 Ice/Tmut       0%         N/A       98%         4
 Iskenderun's Mystic Bla  Conj/Tloc      0%         2d3       98%         4
 Summon Ice Beast         Ice/Summ       0%         N/A       98%         4
 Lee's Rapid Deconstruct  Erth           0%         3d4*      100%        5
 Metabolic Englaciation   Hex/Ice        0%         N/A       100%        5
 Simulacrum               Ice/Necr       0%         N/A       100%        6
 Haunt                    Necr/Summ      0%         N/A       100%        7
 Infestation              Necr           0%         N/A       100%        8


Dungeon Overview and Level Annotations

Branches:
Dungeon (9/15)             Temple (0/1) D:6          Bailey (1/1)
   Lair: D:8-11         Orc: D:9-12

Altars:
Dithmenos
Kikubaaqudgha
Makhleb
Qazlal
Uskayaw
Xom
Yredelemnul

Shops:
D:1 (   D:2 *   D:5 =   D:7 :

Annotations:
D:2 Natasha
D:8 2 transporters


Innate Abilities, Weirdness & Mutations

You are small and have problems with some larger weapons.
You are completely attuned to the shadows.


Message History

Fire: a) +0 shortbow (drain)
Press: ? - help, Q - select action, (/) - cycle Shift-Dir - straight line, f/p - spriggan
Aim: a spriggan, wielding a +0 trident (almost dead, lightly drained, sharing its pain, 51% to hit)
You shoot an arrow. The arrow hits the spriggan!
You kill the spriggan!
You hear a splash.
Your Fighting skill increases to level 8!
Fire: a) +0 shortbow (drain)
Press: ? - help, Q - select action, (/) - cycle Shift-Dir - straight line, f - you
Okay, then.
Things that are here:
a +0 spear; a spriggan corpse You enter the shallow water.
Moving in this stuff is going to be slow.
You see here a +0 trident.
You can no longer merge with and destroy a victim.
Fire: a) +0 shortbow (drain)
Press: ? - help, Q - select action, (/) - cycle Shift-Dir - straight line, f - ogre
Aim: an ogre, wielding a +0 halberd (lightly wounded, 82% to hit)
You shoot an arrow. The arrow barely misses the ogre.
Unknown command.
Fire: a) +0 shortbow (drain)
Press: ? - help, Q - select action, (/) - cycle Shift-Dir - straight line, f/p - ogre
Aim: an ogre, wielding a +0 halberd (lightly wounded, 82% to hit)
You shoot an arrow. The arrow hits the ogre.
The ogre is moderately wounded.
Unknown command.
Fire: a) +0 shortbow (drain)
Press: ? - help, Q - select action, (/) - cycle Shift-Dir - straight line, f/p - ogre
Aim: an ogre, wielding a +0 halberd (moderately wounded, 82% to hit)
You shoot an arrow. The arrow hits the ogre!
The ogre is severely wounded.
Unknown command.
Fire: a) +0 shortbow (drain)
Press: ? - help, Q - select action, (/) - cycle Shift-Dir - straight line, f/p - ogre
Aim: an ogre, wielding a +0 halberd (heavily wounded, 82% to hit)
You shoot an arrow. The arrow hits the ogre.
The ogre is almost dead.
The ogre hits you from afar with a +0 halberd!!
You die...

#######
###.....###
##.........##
##...........##
#....∩...∩....#
##...........##
##....@....##
###~~~~~###
#~O~~~#
##~)~~~#
#..)....
#........
#).######♣ #..#
..♣


You could see an ogre.

Vanquished Creatures
  Pikel (D:5)
  Maggie (D:6)
  A troll (D:9)
  Grinder (D:4)
  A wraith (D:9)
  A shadow (D:9)
  2 spriggans (Bailey)
  4 water moccasins
  2 orc warriors
  An ice beast (D:5)
  A sky beast (D:6)
  2 ogres (Bailey)
  A phantom (D:5)
  A lemure (D:5)
  2 kobold brigands (D:8)
  3 bullfrogs
  3 scorpions
  5 killer bees (D:9)
  A howler monkey (D:8)
  5 jellies
  6 hounds
  6 orc priests
  A sleepcap (D:8)
  Jessica (D:2)
  2 gnoll boudas
  Natasha (twice) (D:2)
  2 iguanas
  3 orc wizards
  Terence (D:2)
  6 gnolls
  3 adders
  2 ufetubi (D:5)
  A worm (D:2)
  3 dart slugs
  26 orcs
  9 ball pythons
  7 endoplasms
  4 giant cockroaches
  6 goblins
  6 hobgoblins
  9 jackals
  18 kobolds
  4 quokkas
  7 bats
  3 frilled lizards
  7 rats
184 creatures vanquished.

Notes
Turn   | Place    | Note
-------+----------+-------------------------------------------
     0 | D:1      | Graphine the Kobold Hunter began the quest for the Orb.
     0 | D:1      | Reached XP level 1. HP: 12/12 MP: 1/1
   106 | D:1      | Reached XP level 2. HP: 14/18 MP: 2/2
   176 | D:1      | Reached XP level 3. HP: 13/22 MP: 3/3
   245 | D:1      | Reached skill level 6 in Ranged Weapons
   308 | D:1      | Found Dosiocku's Antique Weapon Emporium.
   662 | D:2      | Noticed Natasha
   665 | D:2      | Killed Natasha
   666 | D:2      | Reached XP level 4. HP: 28/28 MP: 4/4
   759 | D:2      | Noticed Terence
   762 | D:2      | Killed Terence
   763 | D:2      | Reached XP level 5. HP: 32/32 MP: 5/5
   789 | D:2      | Noticed Natasha
   800 | D:2      | Identified the +10 falchion of Dismay {freeze, Str+3 Int-4
                  | Dex+3}
   808 | D:2      | Noticed Jessica
   809 | D:2      | Killed Jessica
   810 | D:2      | Reached skill level 7 in Ranged Weapons
   811 | D:2      | Killed Natasha
   995 | D:2      | Noticed Natasha
  1056 | D:2      | Found Ostripasch's General Store.
  1113 | D:2      | Found a faded altar of an unknown god.
  1406 | D:3      | Found an ancient bone altar of Kikubaaqudgha.
  1592 | D:3      | Found a hide-covered altar of Uskayaw.
  2037 | D:3      | Reached XP level 6. HP: 38/38 MP: 6/6
  2636 | D:4      | Identified the +5 rapier "Xoiq Xurin" {freeze, Dex+2 SInv}
  2690 | D:4      | Found a shadowy altar of Dithmenos.
  2828 | D:4      | Reached skill level 8 in Ranged Weapons
  2930 | D:4      | Noticed a water moccasin
  2939 | D:4      | Killed a water moccasin
  2940 | D:4      | Reached XP level 7. HP: 44/44 MP: 7/7
  2953 | D:4      | Noticed Grinder
  2963 | D:4      | Paralysed by Grinder for 4 turns
  2968 | D:4      | Killed Grinder
  2969 | D:4      | Reached skill level 9 in Ranged Weapons
  2969 | D:4      | Reached skill level 5 in Dodging
  3030 | D:4      | You fall into a shaft and drop 3 floors!
  3151 | D:7      | Reached XP level 8. HP: 48/48 MP: 8/8
  3154 | D:7      | Reached skill level 5 in Fighting
  3279 | D:6      | Reached skill level 10 in Ranged Weapons
  3291 | D:5      | Entered Level 5 of the Dungeon
  3350 | D:5      | Found Doahupp's Jewellery Shoppe.
  4069 | D:5      | Noticed Pikel
  4082 | D:5      | Killed Pikel
  4083 | D:5      | Reached skill level 11 in Ranged Weapons
  4083 | D:5      | Reached XP level 9. HP: 47/56 MP: 9/9
  4621 | D:5      | Identified a scroll of acquirement
  4621 | D:5      | Acquired 776 gold pieces
  4644 | D:5      | Bought the ring of Xom's Full Attention {rElec rN+ SInv}
                  | for 420 gold pieces
  4880 | D:3      | Became a worshipper of Uskayaw the Reveller
  4979 | D:6      | Reached * piety under Uskayaw
  4983 | D:6      | Reached ** piety under Uskayaw
  4986 | D:6      | Reached skill level 12 in Ranged Weapons
  4987 | D:6      | Reached *** piety under Uskayaw
  4990 | D:6      | Reached **** piety under Uskayaw
  5023 | D:6      | Found a staircase to the Ecumenical Temple.
  5030 | D:6      | Reached skill level 1 in Invocations
  5131 | D:6      | Found a burning altar of Makhleb.
  5139 | D:6      | Noticed Maggie
  5146 | D:6      | Killed Maggie
  5780 | D:7      | Reached XP level 10. HP: 63/63 MP: 12/12
  5867 | D:7      | Found Heviasud's Book Boutique.
  6028 | D:7      | Found a shimmering altar of Xom.
  6423 | D:8      | Noticed an orc knight
  6426 | D:8      | Noticed a manticore
  6427 | D:8      | Found a transporter.
  6427 | D:8      | Noticed a manticore
  6430 | D:8      | Found a stormy altar of Qazlal.
  6536 | D:8      | Found a transporter.
  6729 | D:8      | Found a basalt altar of Yredelemnul.
  6787 | D:8      | Reached skill level 13 in Ranged Weapons
  7657 | D:9      | Reached skill level 5 in Invocations
  7734 | D:9      | Found a flagged portal.
  7740 | Bailey   | Entered a bailey
  7768 | Bailey   | Reached ***** piety under Uskayaw
  7787 | Bailey   | Slain by an ogre

Illustrated notes

Levels and vault maps discovered:
D:1:      minmay_arrival_wavy_path, layout_rooms, serial_shops, shop,
          minmay_tetromino_o4
D:2:      layout_basic, ebering_ecumenical_altar_petrified, serial_shops,
          nicolae_lakefront_shop, uniq_terence, uniq_jessica, uniq_natasha
D:3:      layout_basic, general_overflow_altar, kiku_gazebo_garden_becter
D:4:      layout_basic, nicolae_dithmenos_through_a_glass_darkly, uniq_grinder
D:5:      layout_cave_pools, serial_shops, shop, uniq_pikel
D:6:      layout_basic, lemuel_doored_altar, minmay_temple_entry_mini_moons,
          uniq_maggie
D:7:      nicolae_cairo_tiling, layout_basic, kennysheep_mini_moat,
          serial_shops, shop, kennysheep_generic_room_13
D:8:      gammafunk_sealed_arena, layout_basic,
          mainiacjoe_overflow_cross_hatched, lemuel_crystal_altar
D:9:      layout_basic, minitemple, enter_bailey_6
Bailey:   bailey_polearm_enchanted_keep_hellmonk, bailey

Skill      XL: |  1  2  3  4  5  6  7  8  9 10 |
---------------+-------------------------------+-----
Ranged Weapons | 6 7 8 9 11 12 13 | 13.8
Dodging        | 3 4 5 7 8 |  8.7
Fighting       | 3 4 6 7 8 |  8.0
Invocations    | 2 5 |  5.4
Stealth        | |  1.3

Action                     |  1- 3 |  4- 6 |  7- 9 | 10-12 || total
---------------------------+-------+-------+-------+-------++-------
  Melee: Falchion          |       |     3 |    10 |       ||    13
         Shortbow          |       |     2 |       |       ||     2
   Fire: Shortbow          |    83 |   119 |   175 |   133 ||   510
    Use: Scroll            |     4 |     4 |     2 |     4 ||    14
         Potion            |       |     2 |     1 |       ||     3
 Armour: Leather armour    |    23 |    11 |    11 |       ||    45
         Skin              |       |       |    11 |       ||    11
         Steam dragon scal |       |       |       |     3 ||     3
  Dodge: Dodged            |    65 |    34 |    79 |    60 ||   238
